 Dungeon Crawl Stone Soup version 0.31.0-32-g396128a36d (webtiles) character file.

Game seed: 13511463445553428892

252 Jinxxer the Chiller (level 5, -1/37 HPs)
             Began as a Demonspawn Ice Elementalist on Apr 5, 2024.
             Killed from afar by an orc wizard (9 damage)
             ... with a puff of flame
             ... on level 4 of the Dungeon.
             The game lasted 00:09:04 (3282 turns).

Jinxxer the Chiller (Demonspawn Ice Elementalist)   Turns: 3282, Time: 00:09:04

Health: -1/37      AC:  4    Str:  8    XL:     5   Next: 89%
Magic:  4/9        EV: 12    Int: 17    God:
Gold:   185        SH:  0    Dex: 14    Spells: 2/9 levels left

rFire   . . .        i - +1 hand axe (venom)
rCold   . . .        (no shield)
rNeg    . . .        a - +0 robe
rPois   .            (helmet restricted)
rElec   .            (no cloak)
rCorr   .            D - +0 pair of gloves
SInv    .            y - +0 pair of boots
Will    .....        (no amulet)
Stlth   ++           (no ring)
HPRegen 0.26/turn    (no ring)
MPRegen 0.11/turn

%: no passive effects
@: no status effects
A: horns 2, condensation shield
a: no special abilities


You were on level 4 of the Dungeon.
You visited 1 branch of the dungeon, and saw 4 of its levels.

You collected 185 gold pieces.

Inventory:

Hand Weapons
 i - a +1 hand axe of venom (weapon)
 x - a +0 trident
Missiles
 c - 9 boomerangs
 k - 5 javelins
 o - 4 poisoned darts
 p - 4 silver javelins
 s - 4 atropa-tipped darts
 B - 4 datura-tipped darts
Armour
 a - a +0 robe (worn)
 y - a +0 pair of boots (worn)
 D - a +0 pair of gloves (worn)
Talismans
 f - a serpent talisman
Wands
 z - a wand of roots (14)
Scrolls
 g - a scroll of enchant armour {unknown}
 h - 2 scrolls of identify {unknown}
 j - a scroll of vulnerability {unknown}
 l - 4 scrolls of revelation {unknown}
 m - 2 scrolls of fear {unknown}
 t - a scroll of blinking {unknown}
 u - a scroll of fog {unknown}
 A - a scroll of enchant weapon {unknown}
Potions
 b - 3 potions of magic
 d - a potion of enlightenment {unknown}
 e - a potion of attraction {unknown}
 n - 2 potions of mutation {unknown}
 q - a potion of curing {unknown}
 r - 3 potions of might {unknown}
 v - a potion of heal wounds {unknown}
 w - a potion of lignification {unknown}
 C - a potion of invisibility {unknown}


   Skills:
 * Level 1.4 Fighting
 * Level 1.1(1.3) Axes
 + Level 1.0(1.3) Polearms
 * Level 1.3 Armour
 * Level 2.6 Dodging
 + Level 2.7 Stealth
 + Level 0.1 Unarmed Combat
 * Level 2.8 Spellcasting
 * Level 4.4 Ice Magic


You had 2 spell levels left.
You knew the following spells:

 Your Spells              Type           Power      Damage    Failure   Level
a - Freeze                Ice            68%        1d8       3%          1
b - Frozen Ramparts       Ice            34%        1d6       9%          3
c - Ozocubu's Armour      Ice            17%        N/A       9%          3

Your spell library contained the following spells:

 Spells                   Type           Power      Damage    Failure   Level
 Summon Ice Beast         Ice/Summ       9%         N/A       22%         3
 Tukima's Dance           Hex            2%         N/A       47%         3
 Passage of Golubria      Tloc           2%         N/A       87%         4
 Yara's Violent Unravell  Hex/Alch       1%         3d3       99%         5


Dungeon Overview and Level Annotations

Branches:
Dungeon (4/15)
 Temple: D:4-7

Altars:

Shops:
D:1 =


Innate Abilities, Weirdness & Mutations

You have a pair of horns on your head.
A meltable shield of frost defends you. (SH +0)


Message History

The orc priest invokes the aid of Beogh against you.
Pain shoots through your body!
Aiming: Freeze (safe; 3% risk of failure)
Press: ? - help, Q - select action, (/) - cycle Shift-Dir - straight line, f - orc priest
Aim: an orc priest, wielding a +0 hand axe You freeze the orc priest.
The orc priest is moderately wounded.
The orc priest closely misses you.
Aiming: Freeze (safe; 3% risk of failure)
Press: ? - help, Q - select action, (/) - cycle Shift-Dir - straight line, f/p - orc priest
Aim: an orc priest, wielding a +0 hand axe (moderately wounded)
You freeze the orc priest.
The orc priest is severely wounded.
The orc priest looks encouraged for a moment.
Aiming: Freeze (safe; 3% risk of failure)
Press: ? - help, Q - select action, (/) - cycle Shift-Dir - straight line, f/p - orc priest
Aim: an orc priest, wielding a +0 hand axe (severely wounded)
You freeze the orc priest.
The orc priest is almost dead.
The orc priest looks braver for a moment.
Unknown command.
Aiming: Freeze (safe; 3% risk of failure)
Press: ? - help, Q - select action, (/) - cycle Shift-Dir - straight line, f/p - orc priest
Aim: an orc priest, wielding a +0 hand axe (almost dead)
You freeze the orc priest!
You kill the orc priest!
You hear some strange, mumbled words.
A puff of flame appears from out of thin air!
The puff of flame hits you!
Your condensation shield dissipates!
* * * LOW HITPOINT WARNING * * *
Aiming: Freeze (safe; 3% risk of failure)
Press: ? - help, Q - select action, (/) - cycle Shift-Dir - straight line, f - orc
Aim: an orc, wielding a +0 hand axe You freeze the orc.
The orc is heavily wounded.
You hear some strange, mumbled words.
A puff of flame appears from out of thin air!
The puff of flame hits you!
You die...

#### ...# ...# ...# #####
~.~## #.... ≈~..# #.#.. ##
≈~~.# #.#.# #####..####
~≈~.# #.#.# #..@){....#
~~≈.# #.#.###.#o#..##.#
~.~.# #.#.....#.#..#
≈~..####.#.....#.#..##
~~.....<....⌠...>.....
~~≈.####.#.....#.....#.. #.#
.~~..###.#.....#.#...#..##.#
~~~......#.#............##.#
#
~~~.##.###.###.#.##........#
..


You could see an orc.

Vanquished Creatures
  A bombardier beetle (D:3)
  An orc priest (D:4)
  An iguana (D:4)
  Natasha (twice) (D:4)
  3 adders
  4 dart slugs
  2 orcs
  3 ball pythons
  2 bats
  13 endoplasms
  3 giant cockroaches
  13 goblins
  6 hobgoblins
  2 jackals (D:1)
  2 quokkas (D:2)
  2 frilled lizards
  4 kobolds
  8 rats
72 creatures vanquished.

Notes
Turn   | Place    | Note
-------+----------+-------------------------------------------
     0 | D:1      | Jinxxer the Demonspawn Ice Elementalist began the quest for
                  | the Orb.
     0 | D:1      | Reached XP level 1. HP: 13/13 MP: 3/3
    98 | D:1      | Found Meufupra's Jewellery Boutique.
   312 | D:1      | Reached skill level 4 in Ice Magic
   312 | D:1      | Gained mutation: You have a pair of small horns on your
                  | head. [demonic ancestry]
   312 | D:1      | Reached XP level 2. HP: 17/19 MP: 0/5
   895 | D:1      | You fall into a shaft and drop 1 floor!
   966 | D:2      | Gained mutation: You have a pair of horns on your head.
                  | [demonic ancestry]
   966 | D:2      | Reached XP level 3. HP: 24/24 MP: 3/6
  1625 | D:2      | Learned a level 3 spell: Frozen Ramparts
  1630 | D:2      | Learned a level 3 spell: Ozocubu's Armour
  1860 | D:2      | Reached XP level 4. HP: 26/31 MP: 7/7
  1890 | D:3      | Reached skill level 1 in Armour
  2063 | D:3      | Reached skill level 1 in Fighting
  2245 | D:3      | Found a faded altar of an unknown god.
  2250 | D:3      | Reached skill level 1 in Polearms
  2474 | D:4      | Gained mutation: A meltable shield of frost defends you.
                  | (SH +0) [demonic ancestry]
  2474 | D:4      | Reached XP level 5. HP: 33/37 MP: 9/9
  2523 | D:4      | Noticed Natasha
  2530 | D:4      | Killed Natasha
  2531 | D:4      | Reached skill level 1 in Axes
  2871 | D:4      | Noticed Natasha
  2884 | D:4      | Killed Natasha
  3282 | D:4      | Killed from afar by an orc wizard

Illustrated notes

Levels and vault maps discovered:
D:1:      dpeg_arrival_three_same_balls, layout_basic, serial_shops,
          nicolae_shop_gaudy_bauble, minmay_misc_feat_x
D:2:      layout_basic, serial_glass, glass_columns_b, glass_columns_b,
          minmay_split_cup_large
D:3:      layout_rooms, basic_ecumenical_altar
D:4:      layout_basic, eino_small_chamber_without_monster,
          chequers_serial_rivers_large_a, solitary_fountain,
          columned_hall_lemuel, uniq_natasha

Skill      XL: |  1  2  3  4  5 |
---------------+----------------+-----
Ice Magic      | 4 |  4.4
Dodging        | 2 |  2.6
Armour         | 1 |  1.3
Stealth        | 2 |  2.7
Fighting       | 1 |  1.4
Polearms       | 1 |  1.0
Axes           | 1 |  1.1
Unarmed Combat | |  0.1
Spellcasting   | |  2.8

Action                     |  1- 3 |  4- 6 || total
---------------------------+-------+-------++-------
  Melee: Unarmed           |    28 |       ||    28
         Spear             |    64 |    55 ||   119
         Dagger            |     7 |       ||     7
         Headbutt          |    10 |    12 ||    22
         Punch             |     2 |       ||     2
         Hand axe          |       |    30 ||    30
         Trident           |       |     3 ||     3
   Cast: Freeze            |    33 |    17 ||    50
   Stab: Sleeping          |     5 |     5 ||    10
         Distracted        |       |     1 ||     1
 Armour: Robe              |    42 |    39 ||    81
  Dodge: Dodged            |    62 |    46 ||   108
  Block: Other             |       |     7 ||     7
